 Dungeon Crawl Stone Soup version 0.23.2-1-ga50397a (webtiles) character file.

Game seed: 13086867961324264308

99 Bluemoon111 the Digger (level 4, 0/24 HPs)
             Began as a Gargoyle Earth Elementalist on May 26, 2019.
             Killed from afar by an orc wizard (2 damage)
             ... with a puff of flame
             ... on level 3 of the Dungeon.
             The game lasted 00:14:05 (2069 turns).

Bluemoon111 the Digger (GrEE)                       Turns: 2069, Time: 00:14:05

Health: 0/24       AC:  6    Str: 12    XL:     4   Next: 72%
Magic:  3/8        EV: 12    Int: 16    God:
Gold:   52         SH:  0    Dex: 10    Spells: 5/9 levels left

rFire    . . .     SeeInvis .   q - +0 whip (freeze)
rCold    . . .     Gourm    .   (no shield)
rNeg     + . .     Faith    .   c - +0 robe
rPois    ∞         Spirit   .   o - +0 helmet
rElec    +         Reflect  .   (no cloak)
rCorr    .         Harm     .   (no gloves)
MR       .....                  (no boots)
Stlth    ++........             (no amulet)
HPRegen  0.08/turn              g - +2 ring of slaying
MPRegen  0.11/turn              (no ring)

@: no status effects
A: negative energy resistance 1, electricity resistance, unbreathing,
petrification resistance, rot immunity, AC +3
a: no special abilities


You were on level 3 of the Dungeon.
You were not hungry.

You visited 1 branch of the dungeon, and saw 3 of its levels.

You collected 52 gold pieces.

Inventory:

Hand Weapons
 q - a +0 whip of freezing (weapon)
 t - a +0 spear
Missiles
 b - 78 stones (quivered)
Armour
 c - a +0 robe (worn)
 j - a +0 buckler
 o - a +0 helmet (worn)
Jewellery
 g - a +2 ring of slaying (left hand)
Scrolls
 a - a scroll of enchant armour {unknown}
 f - 2 scrolls of teleportation {unknown}
 h - a scroll of fear {unknown}
 l - a scroll of enchant weapon {unknown}
 m - a scroll of blinking {unknown}
 n - 2 scrolls of identify {unknown}
 r - a scroll of remove curse {unknown}
Potions
 e - 5 potions of curing {unknown}
 i - a potion of degeneration {unknown}
 k - a potion of berserk rage {unknown}
 p - a potion of might {unknown}
 s - a potion of flight {unknown}
Comestibles
 d - 4 rations


   Skills:
 - Level 1.5 Dodging
 - Level 2.2 Stealth
 + Level 3.0 Spellcasting
 + Level 1.5 Conjurations
   Level 0.7 Transmutations
 + Level 5.1 Earth Magic


You had 5 spell levels left.
You knew the following spells:

 Your Spells              Type           Power        Failure   Level  Hunger
a - Sandblast             Erth           ###...       2%          1    #......
b - Stone Arrow           Conj/Erth      ##....       14%         3    ###....

Your spell library contained the following spells:

 Spells                   Type           Power        Failure   Level  Hunger
 Passwall                 Tmut/Erth      ##......     9%          2    ##.....
 Petrify                  Tmut/Erth      ##......     50%         4    #####..
 Lee's Rapid Deconstruct  Erth           ###.......   52%         5    ######.


Dungeon Overview and Level Annotations

Branches:
Dungeon (3/15)

Altars:


Innate Abilities, Weirdness & Mutations

You are resistant to torment.
Your stone body is resilient. (AC +3)
You are immune to poison.
You resist negative energy. (rN+)
You are resistant to electric shocks. (rElec)
You can survive without breathing.
You are immune to petrification.
You are immune to rotting.


Message History

You don't know that spell.
You barely miss something.
You hear some strange, mumbled words.
A magic dart appears from out of thin air!
The magic dart hits you.
You miss something. Something hits you but does no damage.
Casting: Sandblast (safe; 2% risk of failure)
Confirm with . or Enter, or press ? or * to list all spells.
You can't see any susceptible monsters within range! (Use Z to cast anyway.)
Casting: Sandblast (safe; 2% risk of failure)
Confirm with . or Enter, or press ? or * to list all spells.
You don't know that spell.
You hear some strange, mumbled words.
A puff of flame appears from out of thin air!
The puff of flame hits you!
* * * LOW HITPOINT WARNING * * *
You hear some strange, mumbled words.
A puff of flame appears from out of thin air!
The puff of flame hits you.
You die...

#####.....#.
#.....###.#.
#.###.##....
#.###.###.#.
#...........
#.###.###.#. #######.#
### #.#. #.......##.#
#.#. #@#........# #.#.
#.#..##.##.# #.#.
#.#..##.# # #.#.
#.#..##.# #.##
#.#..##.##.####
#.#..##<.......
#.#######)#........####
#.o.......#.######.#
o..o.........# .#


There were no monsters in sight!

Vanquished Creatures
  3 adders
  A worm (D:2)
  A dart slug (D:1)
  A leopard gecko (D:3)
  An orc (D:3)
  A ball python (D:1)
  10 bats
  2 giant cockroaches
  7 hobgoblins
  12 jackals
  4 kobolds
  5 frilled lizards
  7 goblins
  5 rats
60 creatures vanquished.

Notes
Turn   | Place    | Note
-------+----------+-------------------------------------------
     0 | D:1      | Bluemoon111 the Gargoyle Earth Elementalist began the quest
                  | for the Orb.
     0 | D:1      | Reached XP level 1. HP: 10/10 MP: 3/3
   116 | D:1      | Reached skill level 4 in Earth Magic
   135 | D:1      | Reached XP level 2. HP: 9/15 MP: 0/5
   520 | D:1      | Reached XP level 3. HP: 11/19 MP: 1/6
   943 | D:1      | Learned a level 3 spell: Stone Arrow
  1382 | D:2      | Reached XP level 4. HP: 21/24 MP: 4/8
  1395 | D:2      | Reached skill level 1 in Conjurations
  1414 | D:2      | Reached skill level 5 in Earth Magic
  2069 | D:3      | Killed from afar by an orc wizard

Skill      XL: |  1  2  3  4 |
---------------+-------------+-----
Earth Magic    | 4 5 |  5.1
Conjurations   | 1 |  1.5
Spellcasting   | 3 |  3.0
Dodging        | |  1.5
Stealth        | |  2.2
Transmutations | |  0.7

Action                   |  1- 3 |  4- 6 || total
-------------------------+-------+-------++-------
Melee: Unarmed           |    20 |       ||    20
       Dagger            |    32 |       ||    32
       Whip              |    69 |    65 ||   134
 Cast: Sandblast         |    24 |    15 ||    39
 Stab: Sleeping          |     2 |     1 ||     3
  Eat: Chunk             |     2 |     2 ||     4
Armor: Robe              |    42 |    26 ||    68
Dodge: Dodged            |    94 |    42 ||   136
